 Dungeon Crawl Stone Soup version 0.28.0 (webtiles) character file.

Game seed: 8718289347358920838

6 SnakkuSnakku7 the Skirmisher (level 1, 0/18 HPs)
             Began as a Barachi Abyssal Knight on Feb 8, 2022.
             Was an Initiate of Lugonu.
             Slain by a quokka (3 damage)
             ... on level 1 of the Dungeon.
             The game lasted 00:00:36 (194 turns).

SnakkuSnakku7 the Skirmisher (BaAK)                  Turns: 194, Time: 00:00:36

Health: 0/18       AC:  6    Str: 14    XL:     1   Next: 90%
Magic:  2/2        EV: 11    Int: 10    God:    Lugonu [......]
Gold:   20         SH:  0    Dex: 12    Spells: 0/0 levels left

rFire   . . .      SeeInvis .   a - +1 falchion
rCold   . . .      Faith    .   (no shield)
rNeg    . . .      Spirit   .   b - +0 leather armour
rPois   .          Reflect  .   (no helmet)
rElec   .          Harm     .   (no cloak)
rCorr   .          Rampage  .   e - +2 pair of gloves
Will    +....                   (no boots)
Stlth   +.........              (no amulet)
HPRegen 0.06/turn               d - ring of willpower
MPRegen 0.08/turn               (no ring)

@: unable to hop, slow
A: amphibious, slowness 1, strong legs 1, +LOS
a: Hop, Renounce Religion


You were on level 1 of the Dungeon.
You worshipped Lugonu.
Lugonu was noncommittal.
You visited 1 branch of the dungeon, and saw 1 of its levels.
You visited the Abyss 1 time.

You collected 20 gold pieces.

Inventory:

Hand Weapons
 a - a +1 falchion (weapon)
Armour
 b - a +0 leather armour (worn)
 e - a +2 pair of gloves (worn)
Jewellery
 d - a ring of willpower (left hand)
Scrolls
 c - a scroll of fear {unknown}


   Skills:
 - Level 3.6 Fighting
 + Level 2.8 Long Blades
 - Level 2.4 Armour
 - Level 1.1 Dodging
 + Level 0.4 Stealth
 + Level 1.8 Invocations


You couldn't memorise any spells.
You didn't know any spells.
Your spell library was empty.

Dungeon Overview and Level Annotations

Branches:
Dungeon (1/15)

Altars:


Innate Abilities, Weirdness & Mutations

You are amphibious.
You cover ground slowly.
You can hop short distances.
You have an extended range of vision and can be seen from far away.


Message History

The quokka bites you but does no damage.
You miss the quokka.
The quokka bites you but does no damage.
You closely miss the quokka. The quokka barely misses you.
The hobgoblin closely misses you.
You closely miss the hobgoblin. The quokka barely misses you.
The hobgoblin closely misses you.
The hobgoblin hits you but does no damage.
The quokka bites you.
You hit the hobgoblin.
The hobgoblin is lightly wounded.
The hobgoblin closely misses you. The hobgoblin hits you.
* * * LOW HITPOINT WARNING * * *
The quokka bites you.
* * * LOW HITPOINT WARNING * * *
The hobgoblin barely misses you.
Hop to where?
Press: ? - help, Dir - move target Boing!
You hit the hobgoblin.
The hobgoblin is heavily wounded.
The hobgoblin barely misses you.
You aren't carrying any potions.
Unknown command.
You closely miss the hobgoblin.
The hobgoblin is heavily wounded.
The hobgoblin closely misses you. The hobgoblin barely misses you.
You barely miss the hobgoblin.
The hobgoblin is heavily wounded.
The hobgoblin closely misses you.
You closely miss the hobgoblin.
The hobgoblin is moderately wounded.
The hobgoblin closely misses you.
You hit the hobgoblin.
You kill the hobgoblin!
Lugonu accepts your kill.
The quokka twitches its whiskers.
You hit the quokka but do no damage. The quokka barely misses you.
The quokka bites you.
You die...

..####...........##...........##
...........#.....###.........##
...........##.#..# ##.......## .
...........##.#..#######.#######.
..............#.......#...#......
..............#.....g..#.#.......
########.......#gg..g...#........
#..............#r####.........###
.............#.#@# ##........###
#.......#....#...# ##..........
#.###........##..# ###..........
............###..# #............
.#...............####.......$....
.#...........##..................
.#...........##.........#........
.####........##.........#........
.####..†........>.......######...


You could see a quokka and 2 hobgoblins.

Vanquished Creatures
  A giant cockroach (D:1)
  2 goblins (D:1)
  2 hobgoblins (D:1)
5 creatures vanquished.

Notes
Turn   | Place    | Note
-------+----------+-------------------------------------------
     0 | Abyss:1  | SnakkuSnakku7 the Barachi Abyssal Knight began the quest
                  | for the Orb.
     0 | Abyss:1  | Reached XP level 1. HP: 18/18 MP: 2/2
     1 | D:1      | Escaped the Abyss
   194 | D:1      | Slain by a quokka

Illustrated notes

Levels and vault maps discovered:
D:1:      psy_arrival_dodecagon, layout_basic

Action                   || total
-------------------------++-------
Melee: Falchion          ||    26
       Punch             ||     2
Invok: Depart the Abyss  ||     1
 Abil: Hop               ||     1
Armor: Leather armour    ||    12
Dodge: Dodged            ||    25
